 Dungeon Crawl Stone Soup version 0.19-a0-1206-g6bcb79c (webtiles) character file.

5280 mmcf the Grappler (level 10, -3/100 HPs)
             Began as a Troll Monk on Aug 21, 2016.
             Was a Follower of Ru.
             Slain by a spiny frog (20 damage)
             ... on level 1 of the Lair of Beasts.
             The game lasted 00:24:19 (7492 turns).

mmcf the Grappler (Troll Monk)                      Turns: 7492, Time: 00:24:19

Health: -3/100     AC:  7    Str: 21    XL:     10   Next: 37%
Magic:  9/9        EV: 13    Int:  6    God:    Ru [*.....]
Gold:   52         SH:  0    Dex: 15    Spells: 0 memorised, 9 levels left

rFire  . . .     SeeInvis .       - Unarmed
rCold  + . .     Gourm    +     a - +1 robe
rNeg   . . .     Faith    .     (no shield)
rPois  .         Spirit   .     (helmet restricted)
rElec  .         Dismiss  .     f - +0 cloak
rCorr  .         Reflect  .     (gloves unavailable)
MR     +....     Harm     .     (boots unavailable)
Stlth  ++........               P - amulet of rage
                                K - ring of protection from magic
                                D - ring of protection from cold

@: no status effects
A: unfitting armour, claws 3, fast metabolism 3, gourmand, regeneration 1,
shaggy fur 1, tough skin 2, no air magic, no conjurations magic, no
transmutations magic
a: Renounce Religion, Evoke Berserk Rage


You were on level 1 of the Lair of Beasts.
You worshipped Ru.
Ru was aware of your devotion.
You were completely stuffed.

You visited 2 branches of the dungeon, and saw 12 of its levels.

You collected 528 gold pieces.
You spent 476 gold pieces at shops.

Inventory:

Hand Weapons
 j - a +0 giant spiked club
 H - a +1 flail of crushing
Missiles
 i - 5 javelins (quivered)
 n - 2 throwing nets
 G - 27 poisoned needles
 S - 5 poisoned javelins
Armour
 a - a +1 robe (worn)
 f - a +0 cloak (worn)
Jewellery
 r - an uncursed ring of protection from cold
 v - an uncursed ring of poison resistance
 D - a ring of protection from cold (left claw)
 K - a ring of protection from magic (right claw)
 P - an amulet of rage (around neck)
 Q - an uncursed ring of teleportation
Wands
 s - a wand of digging (12/24)
 A - a wand of iceblast (9/15)
 C - a wand of lightning (3/15)
Scrolls
 d - 2 scrolls of remove curse
 e - 4 scrolls of teleportation
 g - 3 scrolls of blinking
 o - 2 scrolls of fear
 q - a scroll of torment {unknown}
 O - a scroll of fog {unknown}
Potions
 l - 3 potions of lignification
 p - 2 potions of might
 t - 5 potions of flight
 w - 2 potions of haste
 x - a potion of cure mutation {unknown}
 B - 2 potions of berserk rage
 J - a potion of brilliance {unknown}
 L - 3 potions of curing
 R - 2 potions of heal wounds
 T - a potion of invisibility {unknown}
Comestibles
 b - 12 bread rations
 k - 8 beef jerkies
 m - 7 chunks of flesh
 u - a slice of pizza
 E - 4 fruits
 F - 2 meat rations


   Skills:
 + Level 6.6 Fighting
 - Level 2.7 Throwing
 + Level 6.3 Dodging
 - Level 1.1 Stealth
   Level 1.0 Shields
 + Level 11.4 Unarmed Combat


You had 9 spell levels left.
You didn't know any spells.

Dungeon Overview and Level Annotations

Branches:
Dungeon (10/15)            Temple (0/1) D:6            Lair (2/6) D:9
  Swamp: Lair:2-4    Shoals: Lair:2-4     Snake: Lair:2-4    Spider: Lair:2-4
    Orc: D:9-12

Altars:
Ashenzari
Cheibriados
Elyvilon
Kikubaaqudgha
Makhleb
Nemelex Xobeh
Qazlal
Ru
Yredelemnul
The Shining One

Shops:
D:8 }   D:9 !


Innate Abilities, Weirdness & Mutations

You are too large for most types of armour.
You have claws for hands.
Your metabolism is lightning-fast.
You like to eat raw meat.
Your natural rate of healing is unusually fast.
You are covered in fur. (AC +1)
You have very tough skin. (AC +2)
You cannot study or cast Air magic.
You cannot study or cast Conjurations magic.
You cannot study or cast Transmutations magic.


Message History

The river rat bites you but does no damage.
You scratch the river rat.
The river rat is moderately wounded.
The river rat barely misses you. x2; The river rat bites you.
The river rat closely misses you. The river rat barely misses you.
The spiny frog stings you!
* * * LOW HITPOINT WARNING * * *
The river rat bites you.
* * * LOW HITPOINT WARNING * * *
The river rat bites you.
* * * LOW HITPOINT WARNING * * *
The river rat misses you. The river rat closely misses you.
You climb upwards.
There is a stone staircase leading down here.
The river rat bites you but does no damage.
You redirect the river rat's attack!
The river rat closely misses itself.
The river rat barely misses you. The river rat closely misses you.
The spiny frog stings you!!
You die...

.#.##.##......#...8...
.......#....#........
.....#...##......#
...#.#.##..8....####
#..8.#.............
#..................
#8.rr.+.8.>.8..8...
#.rFrr#.............
##.8@##.............
####.##..8.....#.##
#.#..#......#.#..
...#+#.#........#..
..........#...8......
#.######...#........#.
# ##....##.....+..
#P.....###...#..
##.......##.#...


You could see a spiny frog and 5 river rats.

Vanquished Creatures
  Sigmund (D:2)
  The ghost of braks the Skirmisher, an amateur DrAE (D:4)
  6 yaks (D:9)
  A hippogriff (D:8)
  Menkaure (D:5)
  Edmund (D:5)
  A water moccasin (D:9)
  A porcupine (Lair:2)
  Duvessa (D:5)
  A sky beast (D:7)
  2 orc warriors
  6 ogres
  7 centaurs
  3 crocodiles
  4 giant frogs
  Dowan (D:5)
  A gnoll sergeant (D:5)
  A scorpion (D:6)
  5 killer bees (D:9)
  2 howler monkeys
  3 wights (D:6)
  An electric eel (Lair:2)
  A centaur zombie (D:9)
  A crimson imp (D:6)
  3 giant frog zombies
  A quasit (D:7)
  5 hounds
  A giant frog skeleton (D:4)
  2 orc priests
  An iguana (Lair:1)
  7 orc wizards
  Ijyb (D:3)
  3 worker ants
  A hound zombie (D:9)
  2 howler monkey zombies
  A worker ant zombie (D:3)
  11 gnolls
  5 adders
  A river rat (D:3)
  A shadow imp (D:5)
  2 oozes
  An adder skeleton (D:9)
  3 worms
  A dart slug (D:2)
  3 giant geckos
  23 orcs
  3 ball pythons
  14 bats
  7 giant cockroaches
  11 goblins
  4 hobgoblins
  10 jackals
  6 quokkas
  2 giant gecko skeletons
  4 giant newts
  A jackal skeleton (D:5)
  8 kobolds
  15 rats
  A fungus (Lair:2)
218 creatures vanquished.

Notes
Turn   | Place    | Note
-------+----------+-------------------------------------------
     0 | D:1      | mmcf the Troll Monk began the quest for the Orb.
     0 | D:1      | Reached XP level 1. HP: 22/22 MP: 0/0
   165 | D:1      | Reached XP level 2. HP: 29/29 MP: 1/1
   567 | D:2      | Reached skill level 4 in Unarmed Combat
   600 | D:2      | Found a white marble altar of Elyvilon.
   600 | D:2      | Found a sparkling altar of Nemelex Xobeh.
   633 | D:2      | Reached XP level 3. HP: 33/36 MP: 2/2
   714 | D:2      | Reached XP level 4. HP: 42/44 MP: 3/3
   748 | D:3      | Reached skill level 5 in Unarmed Combat
   777 | D:3      | Reached XP level 5. HP: 32/50 MP: 4/4
   891 | D:3      | Found a shattered altar of Ashenzari.
   994 | D:3      | Reached skill level 6 in Unarmed Combat
  1015 | D:3      | Noticed Ijyb
  1033 | D:3      | Killed Ijyb
  1117 | D:3      | Found a burning altar of Makhleb.
  1132 | D:3      | Reached XP level 6. HP: 43/59 MP: 5/5
  1238 | D:2      | Noticed Sigmund
  1246 | D:2      | Killed Sigmund
  1246 | D:2      | Reached skill level 7 in Unarmed Combat
  2393 | D:4      | Noticed braks's ghost (amateur DrAE)
  2490 | D:3      | Reached skill level 8 in Unarmed Combat
  2494 | D:3      | Reached XP level 7. HP: 46/66 MP: 6/6
  2568 | D:4      | Killed braks's ghost
  2568 | D:4      | Reached skill level 1 in Shields
  2648 | D:5      | Entered Level 5 of the Dungeon
  2898 | D:4      | Found a sacrificial altar of Ru.
  2906 | D:4      | Became a worshipper of Ru the Awakened
  2913 | D:4      | Gained mutation: You cannot study or cast Air magic. [Ru sacrifice]
  2913 | D:4      | Gained mutation: You cannot study or cast Transmutations magic. [Ru sacrifice]
  2913 | D:4      | Gained mutation: You cannot study or cast Conjurations magic. [Ru sacrifice]
  2913 | D:4      | Reached * piety under Ru
  3181 | D:4      | Reached skill level 9 in Unarmed Combat
  3181 | D:4      | Reached XP level 8. HP: 70/75 MP: 7/7
  3596 | D:5      | Noticed Menkaure
  3603 | D:5      | Noticed Edmund
  3611 | D:5      | Killed Menkaure
  3618 | D:5      | Killed Edmund
  3946 | D:5      | Found a runed door.
  3949 | D:5      | Found a basalt altar of Yredelemnul.
  4001 | D:5      | Noticed Duvessa
  4006 | D:5      | Noticed Dowan
  4011 | D:5      | Killed Duvessa
  4016 | D:5      | Killed Dowan
  4416 | D:6      | Reached skill level 10 in Unarmed Combat
  4612 | D:6      | Reached XP level 9. HP: 46/85 MP: 8/8
  4914 | D:6      | Reached skill level 5 in Fighting
  5201 | D:6      | Found a staircase to the Ecumenical Temple.
  5453 | D:7      | Found a snail-covered altar of Cheibriados.
  5582 | D:7      | Found a stormy altar of Qazlal.
  5662 | D:7      | Reached skill level 5 in Dodging
  6493 | D:8      | Found Cuvev's Quality Used Wands.
  6655 | D:9      | Reached skill level 1 in Throwing
  6696 | D:9      | Found an ancient bone altar of Kikubaaqudgha.
  6754 | D:9      | Reached skill level 11 in Unarmed Combat
  6760 | D:9      | Found Ruc Niob's Distillery.
  6765 | D:9      | Bought 2 potions of flight for 84 gold pieces
  6765 | D:9      | Bought a potion of haste for 140 gold pieces
  6765 | D:9      | Bought a potion of heal wounds for 70 gold pieces
  6765 | D:9      | Bought 2 potions of heal wounds for 140 gold pieces
  6765 | D:9      | Bought a potion of curing for 42 gold pieces
  6806 | D:10     | Entered Level 10 of the Dungeon
  6904 | D:9      | Found a staircase to the Lair.
  6909 | D:9      | Found a glowing golden altar of the Shining One.
  6915 | D:9      | Reached XP level 10. HP: 50/98 MP: 9/9
  6916 | D:9      | HP: 2/98 [yak (14)]
  6953 | D:9      | HP: 3/98 [yak (11)]
  7284 | Lair:1   | Entered Level 1 of the Lair of Beasts
  7471 | Lair:2   | Noticed a spiny frog
  7492 | Lair:1   | Slain by a spiny frog

Vault maps used:
D:1:      mrwooster_arrival_statue_2
D:2:      gammafunk_temple_overflow_elements, first_bread, uniq_sigmund
D:3:      kennysheep_the_goblin_king, marbit_many_paths, portal_sewer_entry_e,
          makhleb_heckhound_becter
D:4:      solitary_fountain, nicolae_ru_sacrificial_ziggurat
D:5:      dk_yredelemnul_ordeal, uniq_edmund, uniq_duvessa, uniq_menkaure
D:7:      nicolae_qazlal_style_of_elements, hangedman_decor_points,
          cheibriados_altar_wand_db
D:8:      minmay_misc_feat_cross, grunt_ogre_cave, nicolae_for_you_no_charge
D:9:      kiku_gazebo_pond_becter, lemuel_crystal_altar, lair_0_dummy,
          serial_shops, nicolae_shop_competitors_out_of_business
D:10:     orc_0_dummy
Lair:1:   st_stairs_6, minivault_23, grunt_megastairs_3
Lair:2:   minmay_shoals_entry_hut, grunt_forest_large_clearing_hut

Skill      XL: |  1  2  3  4  5  6  7  8  9 10 |
---------------+-------------------------------+-----
Unarmed Combat | 4 5 6 8 9 10 11 | 11.4
Shields        | 1 |  1.0
Fighting       | 3 4 6 |  6.6
Dodging        | 4 5 6 |  6.3
Throwing       | 2 |  2.7
Stealth        | |  1.1

Action                   |  1- 3 |  4- 6 |  7- 9 | 10-12 || total
-------------------------+-------+-------+-------+-------++-------
Melee: Unarmed           |    79 |   167 |   288 |    74 ||   608
       Punch             |     1 |     4 |    17 |     4 ||    26
Invok: Sacrifice Arcana  |       |       |     1 |       ||     1
       Reject Sacrifices |       |       |     1 |       ||     1
  Use: Scroll            |       |     8 |     8 |       ||    16
       Potion            |       |       |       |     1 ||     1
 Stab: Sleeping          |     1 |     9 |     8 |       ||    18
       Distracted        |       |       |     2 |       ||     2
  Eat: Chunk             |     8 |    19 |    42 |     5 ||    74
Armor: Robe              |    29 |    65 |    63 |    20 ||   177
Dodge: Dodged            |    38 |    96 |   125 |    61 ||   320
